 Dungeon Crawl Stone Soup version 0.32-a0-361-g289a535e89 (webtiles) character file.

Game seed: 11329371264807165090

1447 Sobieck the Conjurer (level 8, -1/78 HPs)
             Began as an Oni Conjurer on Feb 18, 2024.
             Was a Follower of Vehumet.
             Slain by Maggie
             ... wielding a +0 long sword
              (16 damage)
             ... on level 6 of the Dungeon.
             The game lasted 00:15:35 (7795 turns).

Sobieck the Conjurer (Oni Conjurer)                 Turns: 7795, Time: 00:15:36

Health: -1/78      AC:  3    Str: 12    XL:     8   Next: 75%
Magic:  0/15       EV: 10    Int: 21    God:    Vehumet [*.....]
Gold:   265        SH:  0    Dex:  7    Spells: 7/17 levels left

rFire   + . .        e - +1 dagger
rCold   . . .        (no shield)
rNeg    . . .        a - +0 robe
rPois   .            (helmet restricted)
rElec   .            (no cloak)
rCorr   .            (gloves unavailable)
SInv    .            (boots unavailable)
Will    .....        (no amulet)
Stlth   ++           f - ring of protection from fire
HPRegen 0.33/turn    v - ring of wizardry
MPRegen 0.14/turn

%: wizardry (x1)
@: mesmerised, very slightly contaminated
A: large, unfitting armour, horns 1, tough skin 1, double potion healing,
drunken brawling
a: Renounce Religion


You were on level 6 of the Dungeon.
You worshipped Vehumet.
Vehumet was aware of your devotion.
You visited 2 branches of the dungeon, and saw 8 of its levels.
You also visited: Ossuary.

You collected 265 gold pieces.

Inventory:

Hand Weapons
 e - a +1 dagger (weapon)
Missiles
 j - 29 stones (quivered)
 Z - 3 throwing nets
Armour
 a - a +0 robe (worn)
Magical Staves
 c - a staff of conjuration
Jewellery
 f - a ring of protection from fire (left hand)
 o - an amulet of faith
 s - a ring of see invisible
 v - a ring of wizardry (right hand)
Wands
 D - a wand of digging (5)
Scrolls
 d - a scroll of immolation
 k - a scroll of noise
 w - 2 scrolls of amnesia
 x - a scroll of fog
 T - a scroll of teleportation
Potions
 b - a potion of attraction
 i - a potion of resistance
 l - 2 potions of enlightenment


   Skills:
 + Level 4.2 Fighting
 + Level 2.9 Throwing
 + Level 3.2 Dodging
 + Level 2.8 Stealth
 * Level 5.2 Spellcasting
 * Level 5.5 Conjurations
 + Level 2.6 Translocations
 * Level 3.6 Alchemy


You had 7 spell levels left.
You knew the following spells:

 Your Spells              Type           Power      Damage    Failure   Level
b - Searing Ray           Conj           56%        2d6       1%          2
c - Fulminant Prism       Conj/Alch      12%        3d8       6%          4
d - Iskenderun's Mystic   Conj/Tloc      22%        2d6       9%          4

Your spell library contained the following spells:

 Spells                   Type           Power      Damage    Failure   Level
 Sting                    Conj/Alch      96%        1d9       1%          1
 Magic Dart               Conj           100%       1d8       1%          1
 Fireball                 Conj/Fire      8%         3d6       34%         5
 Cause Fear               Hex            2%         N/A       38%         4
 Dragon's Call            Summ           2%         N/A       100%        9


Dungeon Overview and Level Annotations

Branches:
Dungeon (7/15)             Temple (1/1) D:4         Ossuary (visited)

Altars:
Ashenzari
Cheibriados
Dithmenos
Fedhas
Gozag
Hepliaklqana
Kikubaaqudgha
Makhleb
Okawaru
Qazlal
Ru
Sif Muna
Trog
Uskayaw
Vehumet
Wu Jian
Xom
Yredelemnul
Zin
The Shining One

Shops:
D:5 =

Annotations:
D:6 Maggie
D:7 Pikel


Innate Abilities, Weirdness & Mutations

You are too large for most types of armour.
You have a pair of small horns on your head.
You have tough skin. (AC +1)
You gain doubled healing and magic from potions.
Whenever you drink a healing potion, you attack all around you.


Message History

Maggie is severely wounded.
Maggie hits you with a +0 long sword!
* * * LOW HITPOINT WARNING * * *
Unknown command.
You barely miss Maggie.
Maggie is severely wounded.
Maggie mumbles some strange words.
Maggie attempts to bespell you!
You are mesmerised by Maggie!
You take a swig of the potion and twirl your +1 dagger.
You barely miss Maggie.
Maggie is severely wounded.
You savour every drop.
You feel better. Maggie hits you with a +0 long sword!
* * * LOW HITPOINT WARNING * * *
Casting: Searing Ray (safe; 1% risk of failure)
Confirm with . or Enter, or press ? or * to list all spells.
Okay, then.
Okay, then.
Unknown command.
Casting: Searing Ray (safe; 1% risk of failure)
Confirm with . or Enter, or press ? or * to list all spells.
You don't know that spell.
Maggie barely misses you.
Casting: Searing Ray (safe; 1% risk of failure)
Confirm with . or Enter, or press ? or * to list all spells.
Okay, then.
Unknown command.
You hit Maggie but do no damage.
Maggie is severely wounded.
Maggie hits you with a +0 long sword!
* * * LOW HITPOINT WARNING * * *
Unknown command.
Unknown command.
You hit Maggie. Your headbutt misses Maggie.
Maggie is severely wounded.
Maggie barely misses you.
You hit Maggie. Your headbutt misses Maggie.
Maggie is severely wounded.
Maggie hits you with a +0 long sword.
* * * LOW HITPOINT WARNING * * *
Unknown command.
Casting: Searing Ray (safe; 1% risk of failure)
Confirm with . or Enter, or press ? or * to list all spells.
Aiming: Searing Ray (safe; 1% risk of failure)
Press: ? - help, Shift-Dir - straight line The searing ray hits Maggie!
Maggie is severely wounded. (Press . to maintain the ray.) Maggie hits you with a +0 long sword!
You die...

#.# #.# ## #.# ##.# #.
#<# #..# #. #.# #..###.
#.# #...... #.# #.....<
#.# _ #.####รท #.#
################....
#...... #.#
#..........@@.....#
#.#####
#.####.#################
#.# # .......##### #.# #
#####......# #.# #
##.###># #.# #
###.###.#### #.# #
#..........####### #.# #
####........#......[.
#.#####
#.........#.<.#######
#......


You could see Maggie (mesmerising).

Vanquished Creatures
  A black bear (D:6)
  2 ogres
  A phantom (D:4)
  3 elf zombies (D:6)
  3 scorpions
  A howler monkey (D:6)
  A human zombie (Ossuary)
  2 hounds
  4 jellies
  A human skeleton (D:6)
  3 iguanas
  An orc wizard (D:5)
  8 gnolls
  4 adders
  A white imp (D:6)
  4 ufetubi (D:6)
  An adder zombie (Ossuary)
  4 dart slugs
  4 ribbon worms
  7 orcs
  6 bats
  8 endoplasms
  3 giant cockroaches
  19 goblins
  10 hobgoblins
  2 jackals (D:1)
  6 kobolds
  2 quokkas (D:1)
  6 ball pythons
  3 frilled lizards
  3 kobold zombies (Ossuary)
  2 orc zombies (D:6)
  7 rats
133 creatures vanquished.

Vanquished Creatures (others)
  3 fulminant prisms
3 creatures vanquished.

Grand Total: 136 creatures vanquished

Notes
Turn   | Place    | Note
-------+----------+-------------------------------------------
     0 | D:1      | Sobieck the Oni Conjurer began the quest for the Orb.
     0 | D:1      | Reached XP level 1. HP: 16/16 MP: 3/3
   166 | D:1      | Reached XP level 2. HP: 26/26 MP: 2/5
   420 | D:1      | Reached skill level 1 in Fighting
   531 | D:1      | Reached XP level 3. HP: 33/33 MP: 3/6
   558 | D:1      | Learned a level 2 spell: Searing Ray
  1248 | D:2      | Reached XP level 4. HP: 41/41 MP: 6/8
  1515 | D:2      | Reached skill level 1 in Translocations
  1669 | D:2      | Reached skill level 1 in Alchemy
  1843 | D:2      | Reached skill level 3 in Spellcasting
  1938 | D:3      | Reached skill level 1 in Throwing
  1938 | D:3      | Reached XP level 5. HP: 49/49 MP: 4/9
  2560 | D:3      | Found a stormy altar of Qazlal.
  2560 | D:3      | Found a basalt altar of Yredelemnul.
  3179 | D:4      | Found a blossoming altar of Fedhas.
  3393 | D:4      | Reached XP level 6. HP: 53/57 MP: 3/11
  3516 | D:4      | Learned a level 4 spell: Fulminant Prism
  3521 | D:4      | Learned a level 4 spell: Iskenderun's Mystic Blast
  3850 | D:4      | Reached XP level 7. HP: 66/66 MP: 5/12
  4021 | D:4      | Found a staircase to the Ecumenical Temple.
  4026 | Temple   | Entered the Ecumenical Temple
  4067 | Temple   | Became a worshipper of Vehumet
  4202 | D:4      | Reached skill level 3 in Fighting
  4954 | D:5      | Entered Level 5 of the Dungeon
  5037 | D:5      | Found Ekuqom's Jewellery Emporium.
  5142 | D:5      | Found a snail-covered altar of Cheibriados.
  5230 | D:5      | HP: 5/150 [scorpion (6)]
  5234 | D:5      | HP: 2/150 [scorpion (4)]
  5485 | D:6      | Reached XP level 8. HP: 73/75 MP: 7/14
  5486 | D:6      | Reached skill level 3 in Alchemy
  5638 | D:6      | Reached * piety under Vehumet
  5638 | D:6      | Offered knowledge of Sting by Vehumet.
  5718 | D:6      | Reached skill level 3 in Dodging
  5821 | D:6      | Found a sand-covered staircase.
  5932 | Ossuary  | Entered an ossuary
  7450 | D:6      | Noticed a troll
  7529 | D:7      | Noticed Pikel
  7762 | D:6      | Found an ornate altar of the Wu Jian Council.
  7762 | D:6      | Noticed Maggie
  7795 | D:6      | Slain by Maggie

Illustrated notes

Levels and vault maps discovered:
D:1:      ldierk_walled_garden, layout_rooms,
          nicolae_concentric_dashed_squares_mild, minmay_pentomino_s4
D:2:      layout_basic
D:3:      cheibrodos_greedy_goblins, layout_basic,
          amethyst_overflow_temple_binary
D:4:      layout_loops_corners, fedhas_altar_1, temple_doors_cd,
          grunt_ministairs_1, kennysheep_generic_room_12
D:5:      layout_basic, cheibrodos_worm_habitat,
          minmay_shop_enchanted_jewellery, item_on_display_a
D:6:      layout_loops_ring, nemelex_dance_club_becter,
          mainiacjoe_overflow_alcove_1, nicolae_ossuary_entry_catacombs,
          hellmonk_guarded_unrand_lears, uniq_maggie
D:7:      layout_rooms, serial_aquarium, aquarium_bridge_straight
          [aquarium_subvault_bridge, aquarium_subvault_balcony,
          aquarium_subvault_bridge, aquarium_subvault_window],
          aquarium_window_1, aquarium_window_2, aquarium_view_2b,
          aquarium_view_2a, aquarium_pool_split, uniq_pikel
Temple:   regret_index_temple_generic_petals

Skill      XL: |  1  2  3  4  5  6  7  8 |
---------------+-------------------------+-----
Dodging        | 2 3 |  3.2
Fighting       | 1 2 3 4 |  4.2
Translocations | 1 2 |  2.6
Alchemy        | 1 2 3 |  3.6
Spellcasting   | 3 4 5 |  5.2
Throwing       | 1 2 |  2.9
Conjurations   | 4 5 |  5.5
Stealth        | 2 |  2.8

Action                     |  1- 3 |  4- 6 |  7- 9 || total
---------------------------+-------+-------+-------++-------
  Melee: Dagger            |    15 |     4 |    38 ||    57
         Headbutt          |       |       |     8 ||     8
  Throw: Stone             |       |       |    12 ||    12
   Cast: Magic Dart        |    65 |    47 |    40 ||   152
         Searing Ray       |     1 |    17 |    50 ||    68
         Fulminant Prism   |       |       |     3 ||     3
         Iskenderun's Myst |       |       |     2 ||     2
    Use: Potion            |     1 |       |     7 ||     8
         Scroll            |       |       |    18 ||    18
 Armour: Robe              |    37 |    11 |   105 ||   153
         Skin              |       |       |    13 ||    13
  Dodge: Dodged            |    24 |    12 |    72 ||   108

Table legend: (Time is in decaauts)
 A = Elapsed time spent in this place.
 B = Non-inter-level travel time spent in this place.
 C = Inter-level travel time spent in this place.
 D = Time resting spent in this place.
 E = Time spent auto-exploring this place.
 F = Levels seen in this place.
 G = Mean time per level.
                   A        B        C        D        E       F      G
               +--------+--------+--------+--------+--------+-----+--------+
         Total |   7804 |   7489 |    315 |   1691 |   4652 |   9 |  867.1 |
       Dungeon |   7642 |   7406 |    236 |   1691 |   4652 |   7 | 1091.7 |
        Temple |     80 |      1 |     79 |      0 |      0 |   1 |   80.0 |
       Ossuary |     80 |     80 |      0 |      0 |      0 |   1 |   80.0 |
               +--------+--------+--------+--------+--------+-----+--------+

Top non-repeatable levels by time:
     D:4: 1751 daAuts
     D:6: 1478 daAuts
     D:3: 1188 daAuts
     D:5: 1085 daAuts
     D:1: 1009 daAuts
     D:2: 923 daAuts
     D:7: 205 daAuts
  Temple: 80 daAuts
 Ossuary: 80 daAuts
